BSA
JERSEY SHORE D-BAGS @ KALAMAZOO ROYALE WITH CHEESE
08/24/2026
 
TOP OF THE 1ST
Jersey Shore D-Bags batting - Pitching for Kalamazoo Royale with Cheese : LHP Lorenzo Sánchez
Pitching: LHP Lorenzo Sánchez
Batting: RHB Ricardo González 0-0: Ball
1-0: Foul Ball, location: 2F
1-1: Ball
2-1: Ball
3-1: Ground out 6-3 (Groundball, 6S)
Batting: RHB Millard Boyd 0-0: Ball
1-0: Foul Ball, location: 2F
1-1: Called Strike
1-2: Ball
2-2: Ball
3-2: Ground out 5-3 (Groundball, 5S)
Batting: LHB Dave Dodd 0-0: Foul Ball, location: 2F
0-1: Fly out, F8 (Line Drive, 8LS)
Top of the 1st over - 0 run(s), 0 hit(s), 0 error(s), 0 left on base; Jersey Shore 0 - Kalamazoo 0
BOTTOM OF THE 1ST
Kalamazoo Royale with Cheese batting - Pitching for Jersey Shore D-Bags : RHP José Ramos
Pitching: RHP José Ramos
Batting: RHB Fernando Martínez 0-0: Ball
1-0: Foul Ball, location: 2F
1-1: Ball
2-1: Ball
3-1: Ground out 4-3 (Groundball, 13)
Batting: LHB Robinson Fernández 0-0: Swinging Strike
0-1: Ball
1-1: Ball
2-1: Ball
3-1: Called Strike
3-2: Base on Balls
Batting: LHB William Ruffo 0-0: Ball
1-0: Swinging Strike
1-1: Swinging Strike
1-2: Ball
2-2: Grounds into double play, 1-6-3 (Groundball, 15)
Bottom of the 1st over - 0 run(s), 0 hit(s), 0 error(s), 0 left on base; Jersey Shore 0 - Kalamazoo 0
TOP OF THE 2ND
Jersey Shore D-Bags batting - Pitching for Kalamazoo Royale with Cheese : LHP Lorenzo Sánchez
Batting: RHB Matt Doyle 0-0: Ball
1-0: Ground out 4-3 (Groundball, 4MS)
Batting: RHB Miguel Serna 0-0: Ball
1-0: Called Strike
1-1: Ball
2-1: Called Strike
2-2: Ball
3-2: Foul Ball, location: 2F
3-2: Strikes out swinging
Batting: RHB Owen Carter 0-0: Swinging Strike
0-1: Swinging Strike
0-2: Ball
1-2: Strikes out swinging
Top of the 2nd over - 0 run(s), 0 hit(s), 0 error(s), 0 left on base; Jersey Shore 0 - Kalamazoo 0
BOTTOM OF THE 2ND
Kalamazoo Royale with Cheese batting - Pitching for Jersey Shore D-Bags : RHP José Ramos
Batting: LHB Seung-woo Yi 0-0: Called Strike
0-1: Ground out U3 (Groundball, 3)
Batting: RHB Run-ming Zhu 0-0: Ball
1-0: Ball
2-0: Called Strike
2-1: SINGLE (Groundball, 4MD)
Batting: RHB Miguel Encarnación 0-0: Ball
1-0: Ball
2-0: Swinging Strike
2-1: Ball
3-1: Ground out 4-3 (Groundball, 4M)
Run-ming Zhu to second
Batting: RHB Arturo Rodríguez 0-0: SINGLE (Groundball, 6D)
Run-ming Zhu to third
Runner from 3rd tries for Home, SAFE, no throw or cutoff
Batting: RHB Jorge Márquez 0-0: Ball
1-0: Called Strike
1-1: Ground out 1-3 (Groundball, 13S)
Bottom of the 2nd over - 1 run(s), 2 hit(s), 0 error(s), 1 left on base; Jersey Shore 0 - Kalamazoo 1
TOP OF THE 3RD
Jersey Shore D-Bags batting - Pitching for Kalamazoo Royale with Cheese : LHP Lorenzo Sánchez
Batting: LHB Dave Watt 0-0: Foul Ball, location: 2F
0-1: Called Strike
0-2: Strikes out swinging
Batting: RHB Luis Ríos 0-0: Ball
1-0: Called Strike
1-1: Ground out 6-3 (Groundball, 6)
Batting: RHB Cy Keynes 0-0: SOLO HOME RUN (Flyball, 78XD), Distance : 434 ft
Batting: RHB Ricardo González 0-0: Called Strike
0-1: Foul Ball, location: 2F
0-2: Ball
1-2: SINGLE (Groundball, 6MD) (infield hit)
Batting: RHB Millard Boyd 0-0: Called Strike
0-1: Ball
Ricardo González is caught stealing 2nd base
Top of the 3rd over - 1 run(s), 2 hit(s), 0 error(s), 0 left on base; Jersey Shore 1 - Kalamazoo 1
BOTTOM OF THE 3RD
Kalamazoo Royale with Cheese batting - Pitching for Jersey Shore D-Bags : RHP José Ramos
Batting: RHB Andy Aiton 0-0: Ball
1-0: SINGLE (Line Drive, 56)
Batting: RHB Fernando Martínez 0-0: Called Strike
Andy Aiton steals 2nd base
0-1: Called Strike
0-2: Ball
1-2: Strikes out looking
Batting: LHB Robinson Fernández 0-0: Ball
1-0: Called Strike
1-1: Ball
2-1: Ground out U3 (Groundball, 3L)
Andy Aiton to third
Batting: LHB William Ruffo 0-0: Called Strike
0-1: Called Strike
0-2: Ball
1-2: Strikes out swinging
Bottom of the 3rd over - 0 run(s), 1 hit(s), 0 error(s), 1 left on base; Jersey Shore 1 - Kalamazoo 1
TOP OF THE 4TH
Jersey Shore D-Bags batting - Pitching for Kalamazoo Royale with Cheese : LHP Lorenzo Sánchez
Batting: RHB Millard Boyd 0-0: SINGLE (Line Drive, 6MD)
Batting: LHB Dave Dodd 0-0: Ball
1-0: Foul Ball, location: 2F
1-1: Ball
2-1: Ball
3-1: Fly out, F8 (Flyball, 8LD)
Batting: RHB Matt Doyle 0-0: Ball
1-0: Ball
2-0: Called Strike
2-1: Swinging Strike
2-2: Foul Ball, location: 2F
2-2: Foul Ball, location: 2F
2-2: SINGLE (Line Drive, 56D)
Millard Boyd to second
Batting: RHB Miguel Serna 0-0: Fly out, F8 (Flyball, 8LD)
Runner from 2nd tags up, SAFE at 3rd, no throw
Batting: RHB Owen Carter 0-0: Called Strike
0-1: Swinging Strike
0-2: Ball
1-2: Strikes out swinging
Top of the 4th over - 0 run(s), 2 hit(s), 0 error(s), 2 left on base; Jersey Shore 1 - Kalamazoo 1
BOTTOM OF THE 4TH
Kalamazoo Royale with Cheese batting - Pitching for Jersey Shore D-Bags : RHP José Ramos
Batting: LHB Seung-woo Yi 0-0: Ball
1-0: Called Strike
1-1: Ball
2-1: SINGLE (Groundball, 34S)
Batting: RHB Run-ming Zhu 0-0: Called Strike
0-1: Foul Ball, location: 2F
0-2: Ball
1-2: Grounds into double play, 5-4-3 (Groundball, 56)
Batting: RHB Miguel Encarnación 0-0: Ball
1-0: Foul Ball, location: 2F
1-1: Called Strike
1-2: Ball
2-2: Foul Ball, location: 2F
2-2: DOUBLE (Line Drive, 7D)
Batting: RHB Arturo Rodríguez 0-0: Foul Ball, location: 2F
0-1: Called Strike
0-2: Strikes out swinging
Bottom of the 4th over - 0 run(s), 2 hit(s), 0 error(s), 1 left on base; Jersey Shore 1 - Kalamazoo 1
TOP OF THE 5TH
Jersey Shore D-Bags batting - Pitching for Kalamazoo Royale with Cheese : LHP Lorenzo Sánchez
Batting: LHB Dave Watt 0-0: Called Strike
0-1: Ball
1-1: Ball
2-1: Foul Ball, location: 2F
2-2: Strikes out swinging
Batting: RHB Luis Ríos 0-0: Ball
1-0: Ball
2-0: Foul Ball, location: 2F
2-1: Ball
3-1: Swinging Strike
3-2: Fly out, F9 (Flyball, 89M)
Batting: RHB Cy Keynes 0-0: Called Strike
0-1: Foul Ball, location: 2F
0-2: Foul Ball, location: 2F
0-2: Ball
1-2: Foul Ball, location: 2F
1-2: Fly out, F9 (Flyball, 9LM)
Top of the 5th over - 0 run(s), 0 hit(s), 0 error(s), 0 left on base; Jersey Shore 1 - Kalamazoo 1
BOTTOM OF THE 5TH
Kalamazoo Royale with Cheese batting - Pitching for Jersey Shore D-Bags : RHP José Ramos
Batting: RHB Jorge Márquez 0-0: Ball
1-0: Bunt for hit - play at first, batter OUT! 1-3
Batting: RHB Andy Aiton 0-0: Swinging Strike
0-1: Ball
1-1: Ball
2-1: Foul Ball, location: 2F
2-2: Strikes out swinging
Batting: RHB Fernando Martínez 0-0: Ground out 6-3 (Groundball, 6M)
Bottom of the 5th over - 0 run(s), 0 hit(s), 0 error(s), 0 left on base; Jersey Shore 1 - Kalamazoo 1
TOP OF THE 6TH
Jersey Shore D-Bags batting - Pitching for Kalamazoo Royale with Cheese : LHP Lorenzo Sánchez
Batting: RHB Ricardo González 0-0: Ball
1-0: Foul Ball, location: 2F
1-1: Swinging Strike
1-2: Strikes out swinging
Batting: RHB Millard Boyd 0-0: Ball
1-0: Ball
2-0: Ball
3-0: Called Strike
3-1: Ground out 6-3 (Groundball, 6M)
Batting: LHB Dave Dodd 0-0: Called Strike
0-1: Ball
1-1: Swinging Strike
1-2: Foul Ball, location: 2F
1-2: Foul Ball, location: 2F
1-2: Ground out U3 (Groundball, 3)
Top of the 6th over - 0 run(s), 0 hit(s), 0 error(s), 0 left on base; Jersey Shore 1 - Kalamazoo 1
BOTTOM OF THE 6TH
Kalamazoo Royale with Cheese batting - Pitching for Jersey Shore D-Bags : RHP José Ramos
Batting: LHB Robinson Fernández 0-0: Ball
1-0: Foul Ball, location: 2F
1-1: Ball
2-1: Called Strike
2-2: Ground out 5-3 (Groundball, 56S)
Batting: LHB William Ruffo 0-0: Foul Ball, location: 2F
0-1: Ball
1-1: Foul Ball, location: 2F
1-2: Foul Ball, location: 2F
1-2: Ball
2-2: DOUBLE (Line Drive, 5D)
Batting: LHB Seung-woo Yi 0-0: Intentional Walk
Batting: RHB Run-ming Zhu 0-0: Ball
1-0: Foul Ball, location: 2F
1-1: Foul Ball, location: 2F
1-2: Grounds into double play, 1-6-3 (Groundball, 13)
Bottom of the 6th over - 0 run(s), 1 hit(s), 0 error(s), 1 left on base; Jersey Shore 1 - Kalamazoo 1
TOP OF THE 7TH
Jersey Shore D-Bags batting - Pitching for Kalamazoo Royale with Cheese : LHP Lorenzo Sánchez
Pitching: RHP Fergus Wakeford
Batting: RHB Matt Doyle 0-0: Called Strike
0-1: Ball
1-1: Ball
2-1: Ball
3-1: Called Strike
3-2: Foul Ball, location: 2F
3-2: Base on Balls
Batting: RHB Miguel Serna 0-0: Called Strike
0-1: Grounds into double play, 6-4-3 (Groundball, 6)
Batting: RHB Owen Carter 0-0: Ball
1-0: Ground out 6-3 (Groundball, 6)
Top of the 7th over - 0 run(s), 0 hit(s), 0 error(s), 0 left on base; Jersey Shore 1 - Kalamazoo 1
BOTTOM OF THE 7TH
Kalamazoo Royale with Cheese batting - Pitching for Jersey Shore D-Bags : RHP José Ramos
Batting: RHB Miguel Encarnación 0-0: Ball
1-0: Called Strike
1-1: Called Strike
1-2: Ball
2-2: Foul Ball, location: 2F
2-2: Ball
3-2: Fly out, F7 (Flyball, 78D)
Batting: RHB Arturo Rodríguez 0-0: Ball
1-0: Called Strike
1-1: Called Strike
1-2: Foul Ball, location: 2F
1-2: Ball
2-2: Ground out 4-3 (Groundball, 34)
Batting: RHB Jorge Márquez 0-0: Called Strike
0-1: Ball
1-1: SINGLE (Groundball, 25) (infield hit)
Batting: RHB Andy Aiton 0-0: Foul Ball, location: 2F
0-1: Ball
1-1: Ball
2-1: Ball
3-1: SINGLE (Groundball, 4D)
Jorge Márquez to second
Runner from 2nd tries for 3rd, SAFE, throw made to third
Pinch Hitting: RHB Juan Mendoza 0-0: Swinging Strike
0-1: Swinging Strike
0-2: Ball
1-2: Ball
2-2: Strikes out swinging
Bottom of the 7th over - 0 run(s), 2 hit(s), 0 error(s), 2 left on base; Jersey Shore 1 - Kalamazoo 1
TOP OF THE 8TH
Jersey Shore D-Bags batting - Pitching for Kalamazoo Royale with Cheese : RHP Fergus Wakeford
Pitching: LHP Morgan McDormand
Now in RF: Juan Mendoza
Pinch Hitting: RHB Wilson Martínez 0-0: Ball
1-0: Swinging Strike
1-1: Swinging Strike
1-2: Ball
2-2: Strikes out swinging
Pitching: RHP António Ojeda
Batting: RHB Luis Ríos 0-0: Called Strike
0-1: Swinging Strike
0-2: Strikes out swinging
Pinch Hitting: LHB Robert Phillips 0-0: Ball
1-0: Called Strike
1-1: Ball
2-1: Foul Ball, location: 2F
2-2: SINGLE (Groundball, 15) (infield hit)
Batting: RHB Ricardo González 0-0: Called Strike
0-1: Ground out 5-3 (Groundball, 6)
Top of the 8th over - 0 run(s), 1 hit(s), 0 error(s), 1 left on base; Jersey Shore 1 - Kalamazoo 1
BOTTOM OF THE 8TH
Kalamazoo Royale with Cheese batting - Pitching for Jersey Shore D-Bags : RHP José Ramos
Pitching: LHP Hyo-chin Kim
Now in LF: Wilson Martínez
Now in RF: Robert Phillips
Pinch Hitting: RHB Alfredo Cortéz 0-0: Ball
1-0: Foul Ball, location: 2F
1-1: Swinging Strike
1-2: Ball
2-2: Strikes out swinging
Batting: LHB William Ruffo 0-0: Foul Ball, location: 2F
0-1: Ball
1-1: Swinging Strike
1-2: Ball
2-2: Strikes out swinging
Batting: LHB Seung-woo Yi 0-0: Swinging Strike
0-1: Called Strike
0-2: Ball
1-2: Strikes out swinging
Bottom of the 8th over - 0 run(s), 0 hit(s), 0 error(s), 0 left on base; Jersey Shore 1 - Kalamazoo 1
TOP OF THE 9TH
Jersey Shore D-Bags batting - Pitching for Kalamazoo Royale with Cheese : RHP António Ojeda
Pitching: RHP Josh Graham
Now at 1B: Jonathan MacVey
Pinch Hitting: LHB Pat Zimmerman 0-0: Ball
1-0: Ball
2-0: Ball
3-0: Called Strike
3-1: Called Strike
3-2: SOLO HOME RUN (Flyball, 9D), Distance : 387 ft
Pitching: LHP Gian-Andrea Nota
Batting: LHB Dave Dodd 0-0: Ball
1-0: Ball
2-0: Ball
3-0: Base on Balls
Pitching: RHP Rikiya Sakurai
Batting: RHB Matt Doyle 0-0: Foul Ball, location: 2F
0-1: Ball
1-1: Ball
2-1: Foul Ball, location: 2F
2-2: Foul Ball, location: 2F
2-2: Ball
3-2: Fly out, F5 (Popup, 25)
Batting: RHB Miguel Serna 0-0: SINGLE (Line Drive, 4MD)
Dave Dodd to second
Batting: RHB Owen Carter 0-0: SINGLE (Groundball, 15S) (infield hit)
Dave Dodd to third
Miguel Serna to second
Batting: RHB Wilson Martínez 0-0: SINGLE (Line Drive, 7S)
Dave Dodd scores
Miguel Serna to third
Owen Carter to second
Runner from 3rd tries for Home, SAFE, no throw or cutoff
Batting: RHB Luis Ríos 0-0: Ball
1-0: Grounds into double play, U6-3 (Groundball, 6MD)
Top of the 9th over - 3 run(s), 4 hit(s), 0 error(s), 1 left on base; Jersey Shore 4 - Kalamazoo 1
BOTTOM OF THE 9TH
Kalamazoo Royale with Cheese batting - Pitching for Jersey Shore D-Bags : LHP Hyo-chin Kim
Pitching: RHP Paco Gutiérrez
Now at SS: John Moore
Batting: RHB Run-ming Zhu 0-0: Called Strike
0-1: Ball
1-1: Foul Ball, location: 2F
1-2: Foul Ball, location: 2F
1-2: Ball
2-2: Foul Ball, location: 2F
2-2: Foul Ball, location: 2F
2-2: Foul Ball, location: 2F
2-2: Ground out 6-3 (Groundball, 6)
Batting: RHB Miguel Encarnación 0-0: Called Strike
0-1: Swinging Strike
0-2: Ball
1-2: Strikes out swinging
Batting: RHB Arturo Rodríguez 0-0: Ball
1-0: Ground out 5-3 (Groundball, 5)
Bottom of the 9th over - 0 run(s), 0 hit(s), 0 error(s), 0 left on base; Jersey Shore 4 - Kalamazoo 1
Monday, December 5th, 2016 - OOTP Baseball 17.12 Build 75